 Dungeon Crawl Stone Soup version 0.30.0 (webtiles) character file.

Game seed: 854444354457174524

3286 Lynheart the Carver (level 10, -1/85 (89) HPs)
             Began as a Gnoll Cinder Acolyte on Nov 27, 2023.
             Was an Initiate of Ignis.
             Slain by a wight
             ... wielding a +0 falchion
              (8 damage)
             ... on level 7 of the Dungeon.
             The game lasted 00:26:43 (6224 turns).

Lynheart the Carver (Gnoll Cinder Acolyte)          Turns: 6224, Time: 00:26:44

HP:   -1/85 (89)    AC:  5    Str: 22    XL:     10   Next: 1%
MP:   18/18         EV: 13    Int: 14    God:    Ignis [......]
Gold: 136           SH:  0    Dex:  9    Spells: 11/20 levels left

rFire   + + .        b - +10 hammer "Ynuexio" {elec, rC+}
rCold   . . .        (no shield)
rNeg    . . .        n - +1 robe {Will+}
rPois   .            (helmet restricted)
rElec   .            m - +0 cloak {Stlth+}
rCorr   .            (no gloves)
SInv    .            d - +0 pair of boots
Will    +....        (no amulet)
Stlth   ++++         i - +6 ring of strength
HPRegen 0.34/turn    t - ring of fire
MPRegen 0.16/turn

%: no passive effects
@: lightly drained
A: fangs 1, strong nose, distributed training, horns 1, robust 1
a: Renounce Religion, Rising Flame


You were on level 7 of the Dungeon.
You worshipped Ignis.
Ignis was noncommittal.
You visited 1 branch of the dungeon, and saw 7 of its levels.

You collected 340 gold pieces.
You spent 204 gold pieces at shops.

Inventory:

Hand Weapons
 a - a -1 falchion of flaming
 b - the +10 hammer "Ynuexio" (weapon) {elec, rC+}
   (You found it on level 3 of the Dungeon)

   rC:        It protects you from cold.
Missiles
 w - 4 curare-tipped darts (quivered)
Armour
 d - a +0 pair of boots (worn)
 m - a +0 cloak of stealth (worn)
 n - a +1 robe of willpower (worn)
Jewellery
 i - a +6 ring of strength (left hand)
 t - a ring of fire (right hand)
 x - a ring of see invisible
Wands
 c - a wand of digging (7)
 u - a wand of polymorph (10)
Scrolls
 f - a scroll of fear
 g - 2 scrolls of teleportation
 k - 2 scrolls of enchant armour
 o - 2 scrolls of magic mapping
 q - 2 scrolls of identify
 v - a scroll of silence
 y - a scroll of immolation {unknown}
Potions
 e - 2 potions of lignification
 h - 2 potions of cancellation
 j - a potion of ambrosia
 l - 2 potions of might
 p - a potion of resistance
 r - a potion of heal wounds
 s - a potion of flight
 z - a potion of magic


   Skills:
 + Level 8.3 Fighting
 + Level 5.0 Short Blades
 + Level 8.3 Long Blades
 + Level 5.0 Axes
 + Level 5.0 Maces & Flails
 + Level 5.0 Polearms
 + Level 5.0 Staves
 + Level 5.0 Ranged Weapons
 + Level 5.0 Throwing
 + Level 5.0 Armour
 + Level 5.0 Dodging
 + Level 5.0 Stealth
 + Level 5.0 Shields
 + Level 5.0 Unarmed Combat
 + Level 5.8 Spellcasting
 + Level 4.1 Conjurations
 + Level 4.1 Hexes
 + Level 4.1 Summonings
 + Level 4.1 Necromancy
 + Level 4.1 Translocations
 + Level 4.1 Transmutations
 + Level 6.9 Fire Magic
 + Level 4.1 Ice Magic
 + Level 4.1 Air Magic
 + Level 4.1 Earth Magic
 + Level 4.1 Poison Magic
 + Level 5.4 Invocations
 + Level 5.0 Evocations


You had 11 spell levels left.
You knew the following spells:

 Your Spells              Type           Power      Damage    Failure   Level
a - Scorch                Fire           70%        2d8       1%          2
b - Ensorcelled Hibernat  Hex/Ice        30%        N/A       4%          2
c - Wereblood             Tmut           15%        N/A       4%          2
d - Volatile Blastmotes   Fire/Tloc      58%        2d14      4%          3

Your spell library contained the following spells:

 Spells                   Type           Power      Damage    Failure   Level
 Beastly Appendage        Tmut           30%        N/A       3%          1
 Sublimation of Blood     Necr           15%        N/A       4%          2
 Spider Form              Tmut/Pois      15%        N/A       9%          3
 Anguish                  Hex/Necr       7%         N/A       30%         4
 Fulminant Prism          Conj/Hex       7%         3d7       30%         4
 Iskenderun's Mystic Bla  Conj/Tloc      15%        2d5       30%         4
 Petrify                  Tmut/Erth      15%        N/A       30%         4
 Alistair's Intoxication  Tmut/Pois      10%        N/A       63%         5
 Irradiate                Conj/Tmut      7%         3d14      63%         5
 Lee's Rapid Deconstruct  Erth           7%         3d7*      63%         5


Dungeon Overview and Level Annotations

Branches:
Dungeon (7/15)             Temple (0/1) D:5

Altars:
Dithmenos
Elyvilon
Gozag
Hepliaklqana
Kikubaaqudgha
Qazlal
Ru
Sif Muna
Uskayaw
Vehumet
Xom
Yredelemnul

Shops:
D:5 !


Innate Abilities, Weirdness & Mutations

You have very sharp teeth.
Your uncanny sense of smell can sniff out nearby items.
Your experience applies equally to all skills.
You have a pair of small horns on your head.
You are robust. (+10% HP)


Message History

Your primal bloodlust has ended.
The wight hits you with a +1 hand axe of freezing.
* * * LOW HITPOINT WARNING * * *
You feel drained. The wight freezes you.
* * * LOW HITPOINT WARNING * * *
The orc hits you with a +0 club.
* * * LOW HITPOINT WARNING * * *
You thump the wight! Lightning courses through the wight!
You destroy the wight!
The orc hits you but does no damage.
Your Short Blades skill increases to level 5!
Your Axes skill increases to level 5!
Your Maces & Flails skill increases to level 5!
Your Polearms skill increases to level 5!
Your Staves skill increases to level 5!
Your Ranged Weapons skill increases to level 5!
Your Throwing skill increases to level 5!
Your Armour skill increases to level 5!
Your Dodging skill increases to level 5!
Your Stealth skill increases to level 5!
Your Shields skill increases to level 5!
Your Unarmed Combat skill increases to level 5!
Your Evocations skill increases to level 5!
You have reached level 10!
You sock the orc!
You kill the orc!
You hit the wight but do no damage.
You headbutt the wight, but do no damage.
You hit the wight but do no damage. You headbutt the wight.
The wight is moderately damaged.
The wight completely misses you. The wight hits you with a +0 falchion!
* * * LOW HITPOINT WARNING * * *
You feel drained.
* * * LOW HITPOINT WARNING * * *
You hit the wight but do no damage.
You headbutt the wight, but do no damage.
The wight closely misses you. The wight hits you with a +0 mace.
* * * LOW HITPOINT WARNING * * *
The wight hits you with a +0 falchion!
You die...

##+#... #..#########
.......# ###..#........
.......# #....#........
.......# #....#........
.......# #....#........
.......# #....#........
.......# ##...#........
.......#########z#.....#
.......#.......z@z..<..#
.......#.........#.....#
#......#.........#.....#
#......#.........#.....#
#......######....#.....#
#...........#....#.....#
'...........##'###.....#
#......................#
#......................#


You could see 3 wights.

Vanquished Creatures
  Pikel (D:6)
  Prince Ribbit (D:5)
  Grinder (D:5)
  Sigmund (D:2)
  Menkaure (D:6)
  An orc warrior (D:7)
  A black bear (D:3)
  An ice beast (D:7)
  2 ogres
  A centaur (D:6)
  4 phantoms
  A lemure (D:6)
  2 scorpions
  2 wights (D:7)
  A howler monkey (D:5)
  6 orc priests
  2 gnoll boudas
  2 jellies
  Crazy Yiuf (D:3)
  Jessica (D:3)
  3 iguanas
  A sleepcap (D:6)
  Terence (D:3)
  6 orc wizards
  12 gnolls
  20 adders
  2 white imps (D:6)
  An ufetubus (D:6)
  4 worms
  2 dart slugs
  27 orcs
  10 ball pythons
  3 bats
  9 endoplasms
  2 giant cockroaches (D:4)
  4 goblins
  8 hobgoblins
  6 jackals
  7 kobolds
  2 quokkas
  3 frilled lizards
  8 rats
174 creatures vanquished.

Vanquished Creatures (others)
  28 foxfires
28 creatures vanquished.

Grand Total: 202 creatures vanquished

Notes
Turn   | Place    | Note
-------+----------+-------------------------------------------
     0 | D:1      | Lynheart the Gnoll Cinder Acolyte began the quest for the
                  | Orb.
     0 | D:1      | Reached XP level 1. HP: 23/23 MP: 4/4
   128 | D:1      | Reached XP level 2. HP: 26/29 MP: 5/5
   453 | D:1      | Reached XP level 3. HP: 28/35 MP: 7/7
   986 | D:2      | Reached skill level 1 in Invocations
  1028 | D:2      | Reached skill level 1 in Short Blades
  1028 | D:2      | Reached skill level 1 in Axes
  1028 | D:2      | Reached skill level 1 in Maces & Flails
  1028 | D:2      | Reached skill level 1 in Polearms
  1028 | D:2      | Reached skill level 1 in Staves
  1028 | D:2      | Reached skill level 1 in Ranged Weapons
  1028 | D:2      | Reached skill level 1 in Throwing
  1028 | D:2      | Reached skill level 1 in Armour
  1028 | D:2      | Reached skill level 1 in Dodging
  1028 | D:2      | Reached skill level 1 in Stealth
  1028 | D:2      | Reached skill level 1 in Shields
  1028 | D:2      | Reached skill level 1 in Unarmed Combat
  1028 | D:2      | Reached skill level 1 in Evocations
  1114 | D:2      | Reached XP level 4. HP: 27/41 MP: 8/8
  1230 | D:2      | Noticed Sigmund
  1238 | D:2      | Killed Sigmund
  1239 | D:2      | Reached skill level 1 in Conjurations
  1239 | D:2      | Reached skill level 1 in Hexes
  1239 | D:2      | Reached skill level 1 in Summonings
  1239 | D:2      | Reached skill level 1 in Necromancy
  1239 | D:2      | Reached skill level 1 in Translocations
  1239 | D:2      | Reached skill level 1 in Transmutations
  1239 | D:2      | Reached skill level 1 in Ice Magic
  1239 | D:2      | Reached skill level 1 in Air Magic
  1239 | D:2      | Reached skill level 1 in Earth Magic
  1239 | D:2      | Reached skill level 1 in Poison Magic
  1239 | D:2      | Reached XP level 5. HP: 47/47 MP: 8/10
  1239 | D:2      | Reached XP level 6. HP: 53/53 MP: 8/11
  1327 | D:2      | Found a faded altar of an unknown god.
  1746 | D:3      | Noticed Terence
  1760 | D:3      | Killed Terence
  1935 | D:3      | Noticed a black bear
  1944 | D:3      | Killed a black bear
  1990 | D:3      | Learned a level 2 spell: Scorch
  2039 | D:3      | Gained mutation: You have a pair of small horns on your
                  | head. [potion of mutation]
  2039 | D:3      | Gained mutation: You are robust. (+10% HP) [potion of
                  | mutation]
  2091 | D:3      | Learned a level 2 spell: Ensorcelled Hibernation
  2171 | D:3      | Reached XP level 7. HP: 62/64 MP: 12/12
  2216 | D:3      | Found a runed translucent door.
  2216 | D:3      | Noticed Jessica
  2217 | D:3      | Noticed Crazy Yiuf
  2226 | D:3      | Killed Crazy Yiuf
  2230 | D:3      | Killed Jessica
  2253 | D:3      | Identified the +10 hammer "Ynuexio" {elec, rC+}
  3294 | D:4      | Learned a level 2 spell: Wereblood
  3703 | D:5      | Entered Level 5 of the Dungeon
  3730 | D:5      | Noticed Grinder
  3747 | D:5      | Reached XP level 8. HP: 51/73 MP: 12/14
  3754 | D:5      | Killed Grinder
  3759 | D:5      | Noticed Prince Ribbit
  3775 | D:5      | Killed Prince Ribbit
  4089 | D:5      | Learned a level 3 spell: Volatile Blastmotes
  4386 | D:5      | Got Sif Muna's Omnibus of Pestilent Glamour
  4493 | D:5      | Found Reufo's Distillery.
  4517 | D:5      | Bought a potion of heal wounds for 60 gold pieces
  4517 | D:5      | Bought a potion of heal wounds for 60 gold pieces
  4526 | D:5      | Reached XP level 9. HP: 74/80 MP: 16/16
  4527 | D:5      | Found a basalt altar of Yredelemnul.
  4530 | D:5      | Found a shimmering blue altar of Sif Muna.
  4539 | D:5      | Bought a potion of might for 48 gold pieces
  4539 | D:5      | Bought a potion of flight for 36 gold pieces
  4560 | D:5      | Found a stormy altar of Qazlal.
  4560 | D:5      | Found an ancient bone altar of Kikubaaqudgha.
  4561 | D:5      | Found a shadowy altar of Dithmenos.
  4561 | D:5      | Found a sacrificial altar of Ru.
  4561 | D:5      | Found a white marble altar of Elyvilon.
  4561 | D:5      | Found a hide-covered altar of Uskayaw.
  4562 | D:5      | Found a radiant altar of Vehumet.
  4563 | D:5      | Found a hazy altar of Hepliaklqana.
  4563 | D:5      | Found an opulent altar of Gozag.
  4623 | D:5      | Found a staircase to the Ecumenical Temple.
  4661 | D:5      | Found a shimmering altar of Xom.
  4724 | D:6      | Reached skill level 5 in Spellcasting
  4792 | D:6      | Noticed Menkaure
  4799 | D:6      | Killed Menkaure
  5565 | D:6      | Noticed Pikel
  5578 | D:6      | Killed Pikel
  5579 | D:6      | Reached skill level 5 in Invocations
  6221 | D:7      | Reached skill level 5 in Short Blades
  6221 | D:7      | Reached skill level 5 in Axes
  6221 | D:7      | Reached skill level 5 in Maces & Flails
  6221 | D:7      | Reached skill level 5 in Polearms
  6221 | D:7      | Reached skill level 5 in Staves
  6221 | D:7      | Reached skill level 5 in Ranged Weapons
  6221 | D:7      | Reached skill level 5 in Throwing
  6221 | D:7      | Reached skill level 5 in Armour
  6221 | D:7      | Reached skill level 5 in Dodging
  6221 | D:7      | Reached skill level 5 in Stealth
  6221 | D:7      | Reached skill level 5 in Shields
  6221 | D:7      | Reached skill level 5 in Unarmed Combat
  6221 | D:7      | Reached skill level 5 in Evocations
  6221 | D:7      | Reached XP level 10. HP: 21/87 MP: 18/18
  6224 | D:7      | Slain by a wight

Illustrated notes

Levels and vault maps discovered:
D:1:      reono_arrival_mine, layout_rooms, minivault_19
D:2:      layout_loops_cross, shapermc_ecumenical_altar_venn, uniq_sigmund
D:3:      layout_loops_ring, uniq_terence, uniq_crazy_yiuf_cottage, uniq_jessica
D:4:      layout_basic, nicolae_half_adder
D:5:      layout_rooms, mainiacjoe_overflow_tiny_flanked,
          nicolae_overflows_in_rows, minmay_temple_entry_enclosed_plants,
          serial_shops, shop_fountains, uniq_grinder, uniq_prince_ribbit1
D:6:      layout_gridville, uniq_pikel, uniq_menkaure
D:7:      layout_gridville, serial_shops, shop, uniq_joseph

Skill      XL: |  1  2  3  4  5  6  7  8  9 |
---------------+----------------------------+-----
Invocations    | 1 2 3 4 5 |  5.4
Short Blades   | 1 2 3 5 |  5.0
Axes           | 1 2 3 5 |  5.0
Maces & Flails | 1 2 3 5 |  5.0
Polearms       | 1 2 3 5 |  5.0
Staves         | 1 2 3 5 |  5.0
Ranged Weapons | 1 2 3 5 |  5.0
Throwing       | 1 2 3 5 |  5.0
Armour         | 1 2 3 5 |  5.0
Dodging        | 1 2 3 5 |  5.0
Stealth        | 1 2 3 5 |  5.0
Shields        | 1 2 3 5 |  5.0
Unarmed Combat | 1 2 3 5 |  5.0
Evocations     | 1 2 3 5 |  5.0
Spellcasting   | 3 4 5 |  5.8
Conjurations   | 1 2 3 4 |  4.1
Hexes          | 1 2 3 4 |  4.1
Summonings     | 1 2 3 4 |  4.1
Necromancy     | 1 2 3 4 |  4.1
Translocations | 1 2 3 4 |  4.1
Transmutations | 1 2 3 4 |  4.1
Ice Magic      | 1 2 3 4 |  4.1
Air Magic      | 1 2 3 4 |  4.1
Earth Magic    | 1 2 3 4 |  4.1
Poison Magic   | 1 2 3 4 |  4.1
Fighting       | 7 8 |  8.3
Long Blades    | 7 8 |  8.3
Fire Magic     | 6 |  6.9

Action                     |  1- 3 |  4- 6 |  7- 9 | 10-12 || total
---------------------------+-------+-------+-------+-------++-------
  Melee: Falchion          |   127 |    73 |     5 |       ||   205
         Bite              |     5 |     4 |    15 |       ||    24
         Headbutt          |       |     1 |    17 |     3 ||    21
         Mace              |       |       |   195 |     4 ||   199
         Punch             |       |       |     2 |       ||     2
   Cast: Scorch            |       |     1 |    19 |       ||    20
         Wereblood         |       |       |     3 |       ||     3
         Volatile Blastmot |       |       |     3 |       ||     3
 Invoke: Fiery Armour      |     1 |     3 |     1 |       ||     5
         Foxfire Swarm     |     1 |     2 |     2 |       ||     5
    Use: Scroll            |     4 |     4 |     6 |       ||    14
         Potion            |     7 |     1 |     2 |       ||    10
   Stab: Sleeping          |     1 |     4 |     9 |       ||    14
 Armour: Robe              |    30 |    19 |    54 |       ||   103
  Dodge: Dodged            |    71 |    34 |   150 |     2 ||   257
